Map: Altitude LE

Players

K.I.-1 (Sehr leicht) - Winner!

  • Race: Terran Terran
  • Spawn Location: 7:00

FockenPimpe

  • Race: Terran Terran
  • League: Platinum
  • Spawn Location: 1:00

VOD

Have the link to the VOD?

Description

Time

  • Played on: June 30, 2023, 1 p.m.
  • Length: 9:57
Show
View Real Time Build Order
Export as new Build Order

K.I.-1 (Sehr leicht) Terran - Winner!

Build Orders:  

Get SALT Encoding   

  12  0:00  SCV  
  13  0:13  SCV  
  14  0:19  Supply Depot  
  14  0:42  Barracks  
  14  0:57  Supply Depot  
  14  1:04  Refinery  
  14  1:07  SCV  
  15  1:16  Refinery  
  15  1:19  SCV  
  16  1:31  Marine  
  16  1:32  SCV  
  18  1:44  SCV  
  19  1:49  Reaper  
  20  1:56  SCV  
  21  2:08  SCV  
  22  2:20  Orbital Command  
  22  2:39  Marine  
  22  2:41  Supply Depot  
  23  2:46  SCV  
  24  3:03  SCV  
  24  3:05  Factory  
  25  3:07  Supply Depot  
  25  3:15  SCV  
  26  3:25  Marine  
  28  3:27  SCV  
  28  3:39  SCV  
  29  3:44  Barracks Tech Lab  
  29  3:51  SCV, Starport  
  30  4:11  Marauder  
  32  4:28  Starport Tech Lab  
  32  4:46  Raven  
  34  4:56  Marine  
  35  5:21  Raven  
  37  5:32  SCV  
  34  5:42  Marine  
  33  5:44  SCV  
  33  5:56  SCV  
  34  6:09  SCV  
  34  6:11  Command Center  
  35  6:21  SCV  
  36  6:28  Marauder  
  38  6:33  SCV  
  39  7:24  SCV  
  39  7:26  Refinery  
  40  7:31  SCV  
  41  7:37  Refinery  
  41  7:38  SCV  
  42  7:45  SCV  
  43  7:52  SCV  
  44  8:00  SCV  
  45  8:07  SCV  
  46  8:14  SCV  
  47  8:21  SCV  
  48  8:28  SCV  
  49  8:36  SCV  
  50  8:43  SCV  
  51  8:50  SCV  
  52  8:57  SCV  
  53  9:04  SCV  
  54  9:33  Marine  
  52  9:43  Supply Depot  
Show
View Real Time Build Order
Export as new Build Order

FockenPimpe Terran 

Build Orders: Mech 

Get SALT Encoding   

  12  0:00  SCV  
  13  0:12  SCV  
  14  0:18  Supply Depot  
  14  0:24  SCV  
  15  0:40  SCV  
  16  0:42  Barracks  
  16  0:49  Refinery  
  16  0:52  SCV  
  17  1:05  SCV  
  18  1:17  SCV  
  19  1:29  Orbital Command  
  19  1:30  Marine  
  20  1:46  Command Center  
  20  1:55  Factory  
  20  2:03  SCV  
  20  2:06  Barracks Tech Lab  
  21  2:11  Refinery  
  21  2:15  SCV  
  22  2:21  Supply Depot  
  22  2:36  Marine  
  23  2:43  SCV  
  24  2:55  SCV  
  25  2:58  Barracks Tech Lab  
  25  2:59  Starport  
  25  3:04  Cyclone  
  28  3:07  SCV  
  28  3:10  Orbital Command  
  29  3:19  SCV  
  30  3:36  SCV, Siege Tank  
  34  3:44  SCV  
  35  3:59  Marine  
  36  4:09  Liberator, Command Center  
  36  4:12  Siege Tank  
  36  4:15  SCV  
  36  4:16  SCV  
  36  4:17  Refinery  
  44  4:18  Refinery  
  44  4:23  Supply Depot  
  44  4:29  Supply Depot  
  44  4:37  SCV x2  
  46  4:38  Supply Depot  
  46  4:49  SCV x2  
  46  4:50  Siege Tank  
  51  5:02  SCV  
  51  5:03  SCV  
  53  5:13  Marine, Bunker  
  54  5:23  Factory  
  54  5:26  Factory  
  54  5:27  SCV  
  55  5:34  Orbital Command  
  55  5:39  SCV  
  53  5:49  SCV  
  54  5:50  Siege Tank  
  57  6:11  Armory  
  57  6:15  Engineering Bay  
  57  6:16  SCV x2  
  57  6:17  SCV  
  60  6:23  Supply Depot x2  
  60  6:28  SCV x2  
  60  6:29  Factory Reactor  
  60  6:32  Siege Tank  
  65  6:39  Siege Tank  
  68  6:42  SCV  
  68  6:45  SCV  
  71  6:52  Orbital Command  
  70  7:10  Hellbat  
  70  7:11  Hellbat  
  70  7:13  Siege Tank x2  
  80  7:19  SCV  
  80  7:20  SCV x2  
  83  7:31  Supply Depot  
  83  7:33  Supply Depot  
  83  7:41  Factory  
  83  7:42  Factory  
  83  7:43  Factory  
  83  7:44  SCV x3  
  83  7:49  Hellion x2  
  83  7:50  Siege Tank  
  93  7:53  Siege Tank  
  96  8:10  SCV x3  
  99  8:16  Refinery  
  99  8:17  Refinery  
  99  8:22  SCV x2  
  99  8:23  SCV  
  106  8:27  Hellion x2  
  106  8:28  Factory Tech Lab  
  106  8:29  Factory Reactor, Factory Tech Lab  
  106  8:31  Siege Tank  
  106  8:32  Siege Tank  
  112  8:34  SCV  
  113  8:48  SCV x3  
  116  8:58  Supply Depot x2  
  116  8:59  Supply Depot  
  116  9:00  SCV  
  117  9:20  SCV x3, Hellion x2  
  124  9:32  SCV x2, Command Center  
  124  9:38  Command Center  
Tags
 
Composition
Mech
League
Platinum
Matchup
TvT
Race
Terran
Spawn Locations
Cross Positions
Add a new tag
Caveats
  • Supply blocks, unpowered buildings, or Contaminate may cause inaccurate times.
  • Supply counts are checked every 10 seconds.